 Seeded DCSS version 0.29.1-15-g9cfb28693d (webtiles) character file.

Game seed: 5473556204706870034 (custom seed)

88 Sanktem7 the Trooper (level 4, 0/40 HPs)
             Began as a Minotaur Fighter on Mar 15, 2023.
             Killed from afar by Terence (9 damage)
             ... with a bolt of dispelling energy
             ... on level 2 of the Dungeon.
             The game lasted 00:01:42 (1198 turns).

Sanktem7 the Trooper (Minotaur Fighter)             Turns: 1198, Time: 00:01:43

Health: 0/40       AC:  8    Str: 23    XL:     4   Next: 30%
Magic:  3/3        EV:  9    Int:  5    God:
Gold:   59         SH:  4    Dex:  9    Spells: 3/3 levels left

rFire   . . .      SeeInvis .   a - +0 war axe {axe}
rCold   . . .      Faith    .   c - +0 buckler
rNeg    . . .      Spirit   .   b - +0 scale mail
rPois   .          Reflect  .   (helmet restricted)
rElec   .          Harm     .   (no cloak)
rCorr   .          Rampage  .   e - +0 pair of gloves
Will    .....                   (no boots)
Stlth   ..........              (no amulet)
HPRegen 0.13/turn               (no ring)
MPRegen 0.08/turn               (no ring)

@: no status effects
A: horns 2, retaliatory headbutt
a: no special abilities


You were on level 2 of the Dungeon.
You visited 1 branch of the dungeon, and saw 2 of its levels.

You collected 59 gold pieces.


Innate Abilities, Weirdness & Mutations

You have a pair of horns on your head.
You reflexively headbutt those who attack you in melee.


   Skills:
 + Level 4.2 Fighting
 * Level 4.0 Axes
 + Level 4.2 Armour
 + Level 4.2 Shields


You had 3 spell levels left.
You didn't know any spells.
Your spell library was empty.

Inventory:

Hand Weapons
 a - a +0 war axe (weapon) {axe}
 f - a +0 dagger of speed {short}
   (You took it off a goblin on level 1 of the Dungeon)
Missiles
 j - 5 stones (quivered) {throwing}
Armour
 b - a +0 scale mail (worn)
 c - a +0 buckler (worn)
 e - a +0 pair of gloves (worn)
   (You found it on level 1 of the Dungeon)
Jewellery
 h - an amulet of the acrobat
   (You found it on level 1 of the Dungeon)
Wands
 l - a wand of paralysis (9)
   (You found it on level 2 of the Dungeon)
Scrolls
 g - a scroll of noise {unknown}
 i - a scroll of summoning {unknown}
 k - 4 scrolls of identify {unknown}
 n - a scroll of fear {unknown}
Potions
 d - a potion of might
 m - 2 potions of curing {unknown}

Dungeon Overview and Level Annotations

Branches:
Dungeon (2/15) Zot: 10781

Altars:

Shops:
D:2 [

Annotations:
D:2 Terence

#..# #. #..# #.
##.######..# #.###
#.[........# ...
>..#######.# ... #.# #.#
#.# #@# #.# #@# #.# #.#
#.## ####.###########
#..#
#..............####.#
.....##.########...##...
#### #†# ###...##...
#.######..........
#..............#.)
########..........


You could see Terence.


Message History

You barely miss Natasha. Your headbutt misses Natasha. Natasha misses you.
You slash Natasha!
You kill Natasha!
Natasha growls in agony!
You have reached level 4!
You feel stronger. 😕 HP[+7] MP[+1]
You now have 40 max hp (+7).
You regained 7 hp, and now have 38/40 hp.
Your mp is fully restored (3).
An adder comes into view.
The adder hisses angrily. 😎 HP[+2]
Your hp is fully restored (40).
An adder is nearby!
Found an escape hatch in the floor.
You closely miss the adder. Your headbutt misses the adder.
The adder barely misses you. You furiously retaliate!
You headbutt the adder. You block the adder's attack.
You slash the adder!
You kill the adder!
No target in view!
No target in view!
No target in view!
No target in view!
No target in view!
A quokka comes into view.
A quokka is nearby!
Found a stone staircase leading up.
You hit the quokka. The quokka bites you.
The quokka barely misses you. 😕 HP[-3]
You take 3 damage, and now have 37/40 hp.
You hit the quokka.
You kill the quokka! 😕 HP[+1] No target in view!
No target in view!
No target in view!
No target in view!
An endoplasm comes into view.
The endoplasm quivers.
The endoplasm jiggles. 😎 HP[+2]
Your hp is fully restored (40).
An endoplasm is nearby!
An endoplasm is nearby!
You hit the endoplasm.
You headbutt the endoplasm, but do no damage.
The endoplasm freezes you.
You are frozen. 😕 HP[-2]
You take 2 damage, and now have 38/40 hp.
You hit the endoplasm. You headbutt the endoplasm.
You kill the endoplasm!
Your Axes skill increases to level 4! 😕 HP[+1] No target in view!
No target in view!
No target in view!
A giant cockroach comes into view. 😎 HP[+1]
Your hp is fully restored (40).
A giant cockroach is nearby!
The giant cockroach barely misses you.
You barely miss the giant cockroach.
The giant cockroach bites you but does no damage.
The giant cockroach barely misses you. You furiously retaliate!
You headbutt the giant cockroach.
You kill the giant cockroach!
No target in view!
No target in view!
No target in view!
No target in view!
You see here a giant cockroach corpse.
Terence the Incautious comes into view.
He is wielding a +0 mace and carrying a wand of quicksilver (8).
Terence shouts!
Terence zaps a wand.
The bolt of dispelling energy hits you. 😕 HP[-5]
You take 5 damage, and now have 35/40 hp.
Terence screams, "I want your blood!"
Terence zaps a wand.
The bolt of dispelling energy hits you! 😮 HP[-8]
You take 8 damage, and now have 27/40 hp.
You are too injured to fight recklessly!
You are too injured to fight recklessly!
Terence zaps a wand.
The bolt of dispelling energy hits you!!
* * * LOW HITPOINT WARNING * * *
😱 HP[-18]
You take 18 damage, and now have 9/40 hp.
MASSIVE DAMAGE!! (PAUSE)
You barely miss Terence. You block Terence's attack.
You hit Terence but do no damage. Your headbutt misses Terence.
Terence closely misses you. You furiously retaliate!
You headbutt Terence! Terence barely misses you.
You hit Terence but do no damage. You headbutt Terence.
Terence zaps a wand.
The bolt of dispelling energy hits you!
You die...

Skill      XL: |  1  2  3  4 |
---------------+-------------+-----
Axes           | 3 4 |  4.0
Fighting       | 4 |  4.2
Armour         | 4 |  4.2
Shields        | 4 |  4.2

Action                   |  1- 3 |  4- 6 || total
-------------------------+-------+-------++-------
Melee: War axe           |    39 |    10 ||    49
       Headbutt          |    10 |     3 ||    13
Armor: Scale mail        |    15 |     1 ||    16
Dodge: Dodged            |    15 |     6 ||    21
Block: Buckler           |     8 |     2 ||    10

Levels and vault maps discovered:
D:1:      kb_arrival_jail, layout_basic, interstate_on_off
D:2:      layout_loops_ring, serial_shops, shop_statue, uniq_natasha,
          uniq_terence

Notes
Turn   | Place    | Note
-------+----------+-------------------------------------------
     0 | D:1      | Sanktem7 the Minotaur Fighter began the quest for the Orb.
     0 | D:1      | Reached XP level 1. HP: 19/19 MP: 0/0
     0 | D:1      | magus.rc [v1.9.6]
     2 | D:1      | Noticed an octopode
     2 | D:1      | Noticed an elf
     4 | D:1      | Noticed a spriggan
     4 | D:1      | Noticed a tengu
     6 | D:1      | Noticed a naga
     8 | D:1      | Noticed a demigod
     8 | D:1      | Noticed a palentonga
    10 | D:1      | Noticed a felid
    10 | D:1      | Noticed a troll
    12 | D:1      | Noticed a minotaur
    12 | D:1      | Noticed a draconian
    14 | D:1      | Noticed a human
    14 | D:1      | Noticed a formicid
    16 | D:1      | Noticed a ghoul
    16 | D:1      | Noticed a vampire
    18 | D:1      | Noticed a demonspawn
    20 | D:1      | Noticed an ogre
    20 | D:1      | Noticed a gargoyle
    22 | D:1      | Noticed a meteoran
    22 | D:1      | Noticed a vine stalker
    24 | D:1      | Noticed a demigod
    26 | D:1      | Noticed a palentonga
   252 | D:1      | Reached XP level 2. HP: 27/27 MP: 1/1
   681 | D:1      | Reached skill level 3 in Axes
   801 | D:2      | Found Mipith's Antique Armour Emporium.
   810 | D:2      | Noticed Natasha
   814 | D:2      | Killed Natasha
   815 | D:2      | Reached skill level 4 in Fighting
   815 | D:2      | Reached skill level 4 in Armour
   815 | D:2      | Reached skill level 4 in Shields
   815 | D:2      | Reached XP level 3. HP: 31/33 MP: 2/2
  1051 | D:2      | Noticed Natasha
  1057 | D:2      | Killed Natasha
  1058 | D:2      | Reached XP level 4. HP: 38/40 MP: 3/3
  1164 | D:2      | Reached skill level 4 in Axes
  1191 | D:2      | Noticed Terence
  1195 | D:2      | HP: 9/40 [Terence/bolt of dispelling energy (18)]
  1198 | D:2      | Killed from afar by Terence

Vanquished Creatures
  Natasha (twice) (D:2)
  2 adders (D:2)
  A dart slug (D:1)
  4 endoplasms
  A giant cockroach (D:2)
  A goblin (D:1)
  A hobgoblin (D:1)
  A quokka (D:2)
  5 ball pythons
  A bat (D:1)
  3 kobolds
  A rat (D:1)
23 creatures vanquished.

Table legend:
 A = Non-vault XP
 B = Vault XP
 C = Vault XP percentage of total XP
 D = Non-vault monster count
 E = Vault monster count
 F = Vault count percentage of total count
                 A         B        C        D         E       F
            +---------+---------+-------+---------+---------+-------
      Total |      92 |      35 |  27.6 |      22 |       1 |   4.3
            +---------+---------+-------+---------+---------+-------
        D:1 |      20 |       0 |   0.0 |      12 |       0 |   0.0
        D:2 |      72 |      35 |  32.7 |      10 |       1 |   9.1
            +---------+---------+-------+---------+---------+-------

Illustrated notes

Table legend:
 A = Kills in this place as a percentage of kills in entire the game.
 B = Kills by you in this place as a percentage of kills by you in the entire game.
 C = Kills by friends in this place as a percentage of kills by friends in the entire game.
 D = Other kills in this place as a percentage of other kills in the entire game.
 E = Experience gained in this place as a percentage of experience gained in the entire game.
 F = Experience gained in this place divided by the number of levels of this place that you have seen.
                   A       B       C       D       E      F
               +-------+-------+-------+-------+-------+----------------------
         Total | 100.0 | 100.0 |   N/A |   N/A | 100.0 |  63.5
       Dungeon | 100.0 | 100.0 |   N/A |   N/A | 100.0 |  63.5
               +-------+-------+-------+-------+-------+----------------------

Table legend: (Time is in decaauts)
 A = Elapsed time spent in this place.
 B = Non-inter-level travel time spent in this place.
 C = Inter-level travel time spent in this place.
 D = Time resting spent in this place.
 E = Time spent auto-exploring this place.
 F = Levels seen in this place.
 G = Mean time per level.
                   A        B        C        D        E       F      G
               +--------+--------+--------+--------+--------+-----+--------+
         Total |   1217 |   1208 |      9 |      0 |   1040 |   2 |  608.5 |
       Dungeon |   1217 |   1208 |      9 |      0 |   1040 |   2 |  608.5 |
               +--------+--------+--------+--------+--------+-----+--------+

Top non-repeatable levels by time:
     D:1: 758 daAuts
     D:2: 458 daAuts
